 Dungeon Crawl Stone Soup version 0.28.0-43-g3370ac3207 (webtiles) character file.

Game seed: 3821666502013235550

121 Ablot the Grasshopper (level 5, -1/43 HPs)
             Began as a Gnoll Warper on Mar 1, 2022.
             Slain by Sigmund
             ... wielding a +0 scythe
              (5 damage)
             ... on level 2 of the Dungeon.
             The game lasted 00:03:26 (1407 turns).

Ablot the Grasshopper (Gnoll Warper)                Turns: 1407, Time: 00:03:27

Health: -1/43      AC:  4    Str: 12    XL:     5   Next: 5%
Magic:  12/12      EV: 13    Int: 12    God:
Gold:   108        SH:  0    Dex: 12    Spells: 14/14 levels left

rFire   . . .      SeeInvis .   h - +2 dagger (venom)
rCold   . . .      Faith    .   (no shield)
rNeg    . . .      Spirit   .   b - +0 leather armour
rPois   .          Reflect  .   s - +0 helmet
rElec   .          Harm     .   (no cloak)
rCorr   .          Rampage  .   (no gloves)
Will    .....                   (no boots)
Stlth   +.........              f - amulet of regeneration
HPRegen 0.94/turn               (no ring)
MPRegen 0.13/turn               (no ring)

@: no status effects
A: fangs 1, strong nose, distributed training
a: no special abilities


You were on level 2 of the Dungeon.
You visited 1 branch of the dungeon, and saw 2 of its levels.

You collected 108 gold pieces.

Inventory:

Hand Weapons
 a - a +0 spear
 h - a +2 dagger of venom (weapon)
 q - a +0 hunting sling
Missiles
 d - 5 boomerangs of dispersal (quivered)
 g - 31 stones
 k - 37 arrows
 o - 2 poisoned darts
 p - 17 sling bullets
Armour
 b - a +0 leather armour (worn)
 s - a +0 helmet (worn)
Jewellery
 f - an amulet of regeneration (around neck)
Scrolls
 c - a scroll of blinking
 i - a scroll of teleportation {unknown}
 j - a scroll of holy word {unknown}
 l - 2 scrolls of enchant armour {unknown}
 n - a scroll of identify {unknown}
Potions
 e - a potion of curing {unknown}
 m - 2 potions of berserk rage {unknown}
 r - a potion of ambrosia {unknown}


   Skills:
 + Level 4.7 Fighting
 + Level 1.3 Short Blades
 + Level 1.3 Long Blades
 + Level 1.3 Axes
 + Level 1.3 Maces & Flails
 + Level 4.7 Polearms
 + Level 1.3 Staves
 + Level 1.3 Slings
 + Level 1.3 Bows
 + Level 1.3 Crossbows
 + Level 2.9 Throwing
 + Level 2.9 Armour
 + Level 4.7 Dodging
 + Level 1.3 Stealth
 + Level 1.3 Shields
 + Level 1.3 Unarmed Combat
 + Level 5.1 Spellcasting
 + Level 1.1 Conjurations
 + Level 1.1 Hexes
 + Level 1.1 Summonings
 + Level 1.1 Necromancy
 + Level 5.5 Translocations
 + Level 1.1 Transmutations
 + Level 1.1 Fire Magic
 + Level 1.1 Ice Magic
 + Level 1.1 Air Magic
 + Level 1.1 Earth Magic
 + Level 1.1 Poison Magic
 + Level 1.5 Invocations
 + Level 1.3 Evocations


You had 14 spell levels left.
You didn't know any spells.
Your spell library contained the following spells:

 Spells                   Type           Power      Damage    Failure   Level
 Blink                    Tloc           32%        N/A       4%          2
 Gell's Gravitas          Tloc           16%        N/A       8%          3
 Lesser Beckoning         Tloc           16%        N/A       8%          3
 Teleport Other           Tloc           16%        N/A       8%          3
 Manifold Assault         Tloc           16%        N/A       58%         5


Dungeon Overview and Level Annotations

Branches:
Dungeon (2/15)

Altars:

Shops:
D:2 =

Annotations:
D:2 Sigmund


Innate Abilities, Weirdness & Mutations

You have very sharp teeth.
Your uncanny sense of smell can sniff out nearby items.
Your experience applies equally to all skills.


Message History

A puff of flame appears from out of thin air!
The puff of flame hits you!
You miss something. Natasha closely misses you. Something hits you.
You miss something. Your bite misses something. Natasha barely misses you.
You hit something but do no damage. Your bite misses something.
You hear some strange, mumbled words.
A magic dart appears from out of thin air!
The magic dart hits you.
Natasha mumbles some strange words.
You closely miss Natasha.
Natasha is severely wounded.
You hear some strange, mumbled words.
Something tries to affect you, but you resist.
Natasha casts a spell.
Unknown command.
You closely miss Natasha.
Natasha is severely wounded.
Something barely misses you.
Natasha stares at you and mumbles some strange words.
The magic dart hits you.
Unknown command.
You hit Natasha.
Natasha looks even sicker.
Natasha is almost dead.
You kill Natasha!
Natasha screams in pain as she dies!
The shadow imp disappears in a puff of smoke!
You have reached level 5!
You hit something.
You hear some strange, mumbled words.
A puff of flame appears from out of thin air!
The puff of flame hits you.
* * * LOW HITPOINT WARNING * * *
You hit something. Something barely misses you.
You miss something. Something hits you!
* * * LOW HITPOINT WARNING * * *
Unknown command.
You don't know any spells.
You hit something. You miss something. Your bite misses something.
Something hits you.
You die...

.# #.## # . .# #..#### [. .# .#
#...... #... .##.# ###.# #.####.
#. ... ...# ...+ #.# #. ###.##.
#.. ...# #†# #.
.....#.###.#####..# #.## #.
...............{†.# #..# #. ....
#.......#@.#########..# ##
.###.###.#.#<..#.............#
...........#####.#...##.#.##.####
####.###.......#.##.###...##.....
####.####......#.##..#.....###...
.......................###...'...
........####...#.# #..#...#^##...
........# .###.# ###.....#.....
........####...#.# #..∩..###...


There were no monsters in sight!

Vanquished Creatures
  Natasha (twice) (D:2)
  Robin (D:2)
  2 worms (D:2)
  2 dart slugs
  8 ball pythons
  4 endoplasms (D:1)
  2 giant cockroaches (D:1)
  8 goblins
  8 hobgoblins
  2 quokkas
  2 bats (D:1)
  A frilled lizard (D:1)
  3 kobolds
  5 rats
50 creatures vanquished.

Notes
Turn   | Place    | Note
-------+----------+-------------------------------------------
     0 | D:1      | Ablot the Gnoll Warper began the quest for the Orb.
     0 | D:1      | Reached XP level 1. HP: 20/20 MP: 6/6
   310 | D:1      | Reached XP level 2. HP: 26/26 MP: 7/7
   665 | D:1      | Reached XP level 3. HP: 31/31 MP: 9/9
   719 | D:1      | Reached skill level 5 in Spellcasting
   890 | D:2      | Noticed Sigmund
  1053 | D:2      | Reached skill level 1 in Invocations
  1141 | D:2      | Found Sucse's One-of-a-Kind Rings.
  1195 | D:2      | Noticed Natasha
  1196 | D:2      | Noticed Robin
  1202 | D:2      | Reached skill level 1 in Short Blades
  1202 | D:2      | Reached skill level 1 in Long Blades
  1202 | D:2      | Reached skill level 1 in Axes
  1202 | D:2      | Reached skill level 1 in Maces & Flails
  1202 | D:2      | Reached skill level 1 in Staves
  1202 | D:2      | Reached skill level 1 in Slings
  1202 | D:2      | Reached skill level 1 in Bows
  1202 | D:2      | Reached skill level 1 in Crossbows
  1202 | D:2      | Reached skill level 1 in Stealth
  1202 | D:2      | Reached skill level 1 in Shields
  1202 | D:2      | Reached skill level 1 in Unarmed Combat
  1202 | D:2      | Reached skill level 1 in Evocations
  1215 | D:2      | Killed Natasha
  1216 | D:2      | Reached XP level 4. HP: 7/38 MP: 11/11
  1330 | D:2      | Killed Robin
  1331 | D:2      | Reached skill level 1 in Conjurations
  1331 | D:2      | Reached skill level 1 in Hexes
  1331 | D:2      | Reached skill level 1 in Summonings
  1331 | D:2      | Reached skill level 1 in Necromancy
  1331 | D:2      | Reached skill level 1 in Transmutations
  1331 | D:2      | Reached skill level 1 in Fire Magic
  1331 | D:2      | Reached skill level 1 in Ice Magic
  1331 | D:2      | Reached skill level 1 in Air Magic
  1331 | D:2      | Reached skill level 1 in Earth Magic
  1331 | D:2      | Reached skill level 1 in Poison Magic
  1383 | D:2      | Noticed Natasha
  1402 | D:2      | Killed Natasha
  1403 | D:2      | Reached XP level 5. HP: 16/43 MP: 12/12
  1405 | D:2      | HP: 2/43 [something (11)]
  1407 | D:2      | Slain by Sigmund

Illustrated notes

Levels and vault maps discovered:
D:1:      doesnt_arrival_eight_statues, layout_loops_ring
D:2:      layout_basic, basic_altar, hellmonk_ecumenical_altar_inner_sanctum,
          corexii_shack, nicolae_shop_unique_rings, minmay_tromino_i2,
          uniq_robin, uniq_natasha, uniq_sigmund

Skill      XL: |  1  2  3  4 |
---------------+-------------+-----
Spellcasting   | 5 |  5.1
Invocations    | 1 |  1.5
Short Blades   | 1 |  1.3
Long Blades    | 1 |  1.3
Axes           | 1 |  1.3
Maces & Flails | 1 |  1.3
Staves         | 1 |  1.3
Slings         | 1 |  1.3
Bows           | 1 |  1.3
Crossbows      | 1 |  1.3
Stealth        | 1 |  1.3
Shields        | 1 |  1.3
Unarmed Combat | 1 |  1.3
Evocations     | 1 |  1.3
Conjurations   | 1 |  1.1
Hexes          | 1 |  1.1
Summonings     | 1 |  1.1
Necromancy     | 1 |  1.1
Transmutations | 1 |  1.1
Fire Magic     | 1 |  1.1
Ice Magic      | 1 |  1.1
Air Magic      | 1 |  1.1
Earth Magic    | 1 |  1.1
Poison Magic   | 1 |  1.1
Fighting       | |  4.7
Polearms       | |  4.7
Throwing       | |  2.9
Armour         | |  2.9
Dodging        | |  4.7
Translocations | |  5.5

Action                   |  1- 3 |  4- 6 || total
-------------------------+-------+-------++-------
Melee: Spear             |    18 |       ||    18
       Dagger            |   103 |    42 ||   145
       Bite              |     9 |     7 ||    16
       Punch             |     1 |       ||     1
Armor: Leather armour    |    21 |     7 ||    28
Dodge: Dodged            |    81 |    35 ||   116
